[Event "Titled Tuesday Blitz June 20 Late 2023"]
[White "Jakubowska, Anna"]
[Black "Powell, Paul"]
[WhiteFideId "1121952"]
[BlackFideId "2005840"]
[WhiteElo "2001"]
[BlackElo "2163"]
[Result "1-0"]
[Round "3"]
[TimeControl "180+2"]
[Date "2023.06.20"]
[WhiteClock "0:01:22"]
[BlackClock "0:00:00"]
[Board "182"]

1. e4 c5 2. Nf3 d6 3. d4 cxd4 4. Nxd4 Nf6 5. Nc3 g6 6. Bc4 Bg7 7. O-O O-O 8. Re1 Nc6 9. Nb3 a6 10. a4 Rb8 11. a5 Be6 12. Nd5 Ne5 13. Bf1 Rc8 14. c3 Nc4 15. Bxc4 Rxc4 16. Qd3 Rc8 17. Bg5 Re8 18. Nd2 Rc5 19. Bxf6 exf6 20. Nc4 f5 21. Ncb6 fxe4 22. Rxe4 Rf8 23. b4 Bxd5 24. Nxd5 Rxd5 25. Qxd5 Bxc3 26. Rd1 Qf6 27. Qxd6 Qg7 28. h3 h5 29. Rc4 Be5 30. Qd7 Bb8 31. Rc8 Qe5 32. Rxf8+ Kxf8 33. Qd8+ Kg7 34. Qd4 Qxd4 35. Rxd4 Be5 36. Rd7 Kf6 37. Rxb7 Bc3 38. Rb6+ Ke7 39. Kf1 f5 40. Ke2 g5 41. Kd3 Be1 42. f3 g4 43. Rxa6 gxh3 44. gxh3 Bxb4 45. Kc4 Be1 46. Kb5 1-0


[Site "https://www.chess.com"]

[Event "Titled Tuesday Blitz June 20 Late 2023"]
[White "Bueno, Alfeu Junior Varela"]
[Black "Hartikainen, Jarmo"]
[WhiteFideId "2108879"]
[BlackFideId "503134"]
[WhiteElo "2175"]
[BlackElo "2156"]
[Result "1-0"]
[Round "3"]
[TimeControl "180+2"]
[Date "2023.06.20"]
[WhiteClock "0:00:16"]
[BlackClock "0:00:17"]
[Board "183"]

1. e4 c5 2. Nc3 Nc6 3. f4 e6 4. Nf3 d5 5. Bb5 Be7 6. Bxc6+ bxc6 7. d3 h5 8. O-O h4 9. h3 Nh6 10. Na4 Ba6 11. Ne5 Qc7 12. c4 Rd8 13. Qe2 dxc4 14. dxc4 Rd4 15. b3 Bf6 16. Bb2 Bxe5 17. fxe5 Qxe5 18. Qf2 O-O 19. Nxc5 Qxc5 20. Qxd4 Qxd4+ 21. Bxd4 Ra8 22. Be3 Bb7 23. Bxh6 gxh6 24. Rad1 c5 25. Rd7 Bxe4 26. Rfxf7 a5 27. Rf4 Bf5 28. Rxh4 a4 29. g4 axb3 30. axb3 Ra1+ 31. Kf2 Ra2+ 32. Ke3 Bb1 33. Rxh6 Rb2 34. Rb7 Bc2 35. Rxe6 Rxb3+ 36. Rxb3 Bxb3 37. Kd3 Kf7 38. Re5 Bd1 39. Rxc5 Bf3 40. Rf5+ 1-0


[Site "https://www.chess.com"]

[Event "Titled Tuesday Blitz June 20 Late 2023"]
[White "Winkels, Marcel"]
[Black "Kujawski, Adam"]
[WhiteFideId "1003887"]
[BlackFideId "1100920"]
[WhiteElo "1900"]
[BlackElo "2054"]
[Result "0-1"]
[Round "3"]
[TimeControl "180+2"]
[Date "2023.06.20"]
[WhiteClock "0:00:41"]
[BlackClock "0:00:06"]
[Board "184"]

1. d4 Nf6 2. Nc3 d5 3. Bf4 a6 4. e3 e6 5. Nf3 Be7 6. Ne5 O-O 7. Bd3 c5 8. Qf3 c4 9. Be2 Nfd7 10. O-O-O Nxe5 11. Bxe5 Nc6 12. Bf4 b5 13. g4 b4 14. Na4 Bd7 15. Nc5 Bxc5 16. dxc5 Qa5 17. Kb1 Qxc5 18. Qg3 Qa5 19. h4 c3 20. Bd3 cxb2 21. Be5 Nxe5 22. Qxe5 Qc5 23. Qxb2 Rfc8 24. h5 Qc3 25. h6 Qxb2+ 26. Kxb2 g6 27. e4 Bc6 28. f3 a5 29. exd5 Bxd5 30. Be4 Rc5 31. Bxd5 exd5 32. Rhe1 Kf8 33. Re5 Rd8 34. Rd4 f6 35. Re6 Kf7 36. Ra6 Rd7 37. Ra8 g5 38. f4 Kg6 39. f5+ Kxh6 40. Rf8 Kg7 41. Re8 Rdc7 42. Rd2 Rc4 43. Rd8 Rxg4 44. R8xd5 Rgc4 45. Rxa5 h5 46. Ra8 g4 47. Rdd8 Kh6 48. Rh8+ Kg5 49. Rag8+ Kxf5 50. Rxh5+ Kf4 51. Rh6 f5 52. Rf6 Rxc2+ 53. Kb3 R2c4 54. Rb6 g3 55. Rbg6 Rc3+ 56. Kxb4 Rf3 57. Rd8 Ke3 58. Re6+ Kf2 59. Rd2+ Kf1 60. Ree2 Rf2 61. Rxf2+ gxf2 62. a4 Ke1 63. Rd6 f1=Q 64. Re6+ Kf2 65. Re5 Qb1+ 66. Ka5 Ra7# 0-1


[Site "https://www.chess.com"]

[Event "Titled Tuesday Blitz June 20 Late 2023"]
[White "Lalanne, Pablo"]
[Black "Levine, David"]
[WhiteFideId "112151"]
[BlackFideId "2011611"]
[WhiteElo "2120"]
[BlackElo "2124"]
[Result "1-0"]
[Round "3"]
[TimeControl "180+2"]
[Date "2023.06.20"]
[WhiteClock "0:00:51"]
[BlackClock "0:00:00"]
[Board "185"]

1. e4 e5 2. Nf3 Nc6 3. Bb5 a6 4. Ba4 Nf6 5. O-O Be7 6. Re1 b5 7. Bb3 d6 8. c3 O-O 9. h3 Bb7 10. d4 Re8 11. Nbd2 Bf8 12. a4 h6 13. Bc2 Nb8 14. Bd3 Nbd7 15. axb5 axb5 16. Rxa8 Qxa8 17. Bxb5 exd4 18. cxd4 Bxe4 19. Nxe4 Rxe4 20. Be3 Qd5 21. Qa4 Nb6 22. Qb4 c5 23. Qa5 Nc4 24. Bxc4 Qxc4 25. Nd2 Qd3 26. Nxe4 Nxe4 27. dxc5 dxc5 28. Qa3 Qc2 29. Rc1 Qe2 30. Qa4 c4 31. Qxc4 Qxb2 32. Qxe4 1-0


[Site "https://www.chess.com"]

[Event "Titled Tuesday Blitz June 20 Late 2023"]
[White "Ricaurte Lopez, Juan Carlos"]
[Black "Schuster, Karsten"]
[WhiteFideId "3600327"]
[BlackFideId "4611071"]
[WhiteElo "2200"]
[BlackElo "2254"]
[Result "0-1"]
[Round "3"]
[TimeControl "180+2"]
[Date "2023.06.20"]
[WhiteClock "0:00:00"]
[BlackClock "0:00:24"]
[Board "186"]

1. e4 d5 2. exd5 Qxd5 3. Nc3 Qd8 4. d4 c6 5. Bc4 Nf6 6. Nf3 Bg4 7. Bxf7+ Kxf7 8. Ne5+ Ke8 9. Nxg4 e6 10. Nxf6+ Qxf6 11. O-O Bb4 12. Ne4 Qg6 13. Qe2 Nd7 14. Bg5 h6 15. Bh4 Rf8 16. a3 Be7 17. Bg3 Rf5 18. c4 Kf8 19. b4 Re8 20. Rfe1 Kg8 21. Rad1 Nf8 22. Nd6 Bxd6 23. Bxd6 b5 24. Bxf8 Kxf8 25. cxb5 Rxb5 26. Qe4 Qxe4 27. Rxe4 a5 28. bxa5 Rxa5 29. Re3 Kf7 30. f4 Rea8 31. Rde1 Re8 32. g4 g6 33. h3 h5 34. Kg2 hxg4 35. hxg4 Ra4 36. Rd3 Rd8 37. Red1 Rda8 38. Ra1 Rd8 39. Rad1 Rd5 40. Kf3 g5 41. fxg5 Rxg5 42. Kf4 Rga5 43. Ke4 Rxa3 44. Rxa3 Rxa3 45. Rc1 Ra6 46. Ke5 Ke7 47. g5 Ra5+ 48. Ke4 Kd6 49. Rg1 Ra7 50. g6 Rg7 51. Rg5 Kd7 52. Ke5 Ke7 53. Rg2 Rg8 54. g7 Kf7 55. Rg3 Ke7 56. Rg2 Kf7 57. Rg3 Ke7 58. Ra3 Kf7 59. Ra7+ Kg6 60. Kxe6 Rd8 61. Rd7 Re8+ 62. Kd6 Kh7 63. Kxc6 Re4 64. d5 Rc4+ 65. Kd6 Kg8 66. Ke7 Re4+ 0-1


[Site "https://www.chess.com"]

[Event "Titled Tuesday Blitz June 20 Late 2023"]
[White "Calderin Gonzalez, Roberto"]
[Black "Rian, Kapriaga"]
[WhiteFideId "5102979"]
[BlackFideId "7103263"]
[WhiteElo "2110"]
[BlackElo "2345"]
[Result "0-1"]
[Round "3"]
[TimeControl "180+2"]
[Date "2023.06.20"]
[WhiteClock "0:00:01"]
[BlackClock "0:01:06"]
[Board "187"]

1. e4 c6 2. d4 d5 3. Nc3 dxe4 4. Nxe4 Nf6 5. Nxf6+ exf6 6. Bc4 Bd6 7. c3 O-O 8. Ne2 Nd7 9. O-O Nb6 10. Bd3 Qc7 11. h3 Be6 12. Qc2 h6 13. Be3 Rfe8 14. Rae1 Nd5 15. Bd2 b5 16. Bh7+ Kh8 17. Bf5 Rad8 18. Qd3 Qd7 19. Be4 f5 20. Bf3 a6 21. b3 Bb8 22. c4 Qc7 23. Ng3 bxc4 24. bxc4 Nf4 25. Bxf4 Qxf4 26. Bxc6 Rxd4 27. Qe3 Red8 28. Bd5 Bxd5 29. cxd5 R4xd5 30. Qa3 h5 31. Re3 h4 32. Rfe1 hxg3 33. Re8+ Kh7 34. Qc3 gxf2+ 35. Kh1 Qh2# 0-1


[Site "https://www.chess.com"]

[Event "Titled Tuesday Blitz June 20 Late 2023"]
[White "Bongo Akanga Ndjila, Barthelemy"]
[Black "Skaric, Djuro"]
[WhiteFideId "10609431"]
[BlackFideId "934569"]
[WhiteElo "1768"]
[BlackElo "2282"]
[Result "1/2-1/2"]
[Round "3"]
[TimeControl "180+2"]
[Date "2023.06.20"]
[WhiteClock "0:00:13"]
[BlackClock "0:00:15"]
[Board "188"]

1. d4 d6 2. c4 g6 3. Nc3 Bg7 4. e4 Nf6 5. Be2 O-O 6. Nf3 Nc6 7. d5 Ne5 8. Nd4 c5 9. Nc2 a6 10. Ne3 Rb8 11. f4 Nxc4 12. Bxc4 b5 13. Bd3 c4 14. Bc2 b4 15. Na4 b3 16. axb3 cxb3 17. Bd3 Bd7 18. Bd2 e6 19. dxe6 fxe6 20. O-O d5 21. e5 Nh5 22. Ng4 Bb5 23. Qe2 Qd7 24. Nc5 Qe7 25. Nxa6 Bxd3 26. Qxd3 Ra8 27. Bb4 Qa7+ 28. Bc5 Qb7 29. Bxf8 Bxf8 30. Nf6+ Nxf6 31. exf6 Kf7 32. Rfc1 Qb6+ 33. Kh1 Bd6 34. g3 Ra7 35. Kg2 Qb7 36. Kh3 Kxf6 37. Qd4+ Kf7 38. Qd3 Qe7 39. Rc3 h5 40. Rxb3 Qd7 41. Rb5 e5+ 42. Kg2 d4 43. Qe4 Qc8 44. Qd5+ Ke7 45. Rba5 Qc2+ 46. Kh3 Qf5+ 47. Kg2 Qc2+ 48. Kh3 Qf5+ 49. Kg2 Qc2+ 1/2-1/2


[Site "https://www.chess.com"]

[Event "Titled Tuesday Blitz June 20 Late 2023"]
[White "dorpato"]
[Black "K2JW"]
[WhiteElo "2049"]
[BlackElo "2335"]
[Result "0-1"]
[Round "3"]
[TimeControl "180+2"]
[Date "2023.06.20"]
[WhiteClock "0:00:05"]
[BlackClock "0:00:18"]
[Board "189"]

1. e4 c5 2. Nc3 Nc6 3. g3 g6 4. Bg2 Bg7 5. d3 e6 6. Be3 Nd4 7. Qd2 Ne7 8. Nf3 d5 9. O-O Nxf3+ 10. Bxf3 d4 11. Bh6 dxc3 12. bxc3 O-O 13. Bxg7 Kxg7 14. h4 Nc6 15. h5 e5 16. Kg2 h6 17. Rh1 g5 18. Be2 f5 19. Rag1 fxe4 20. Qe3 exd3 21. Bxd3 Bf5 22. Bxf5 Rxf5 23. Qxc5 Qe7 24. Qe3 Raf8 25. Rf1 e4 26. g4 Rf3 27. Qe2 Qe6 28. Rhg1 Qxg4+ 29. Kh2 Rh3# 0-1


[Site "https://www.chess.com"]

[Event "Titled Tuesday Blitz June 20 Late 2023"]
[White "Lach, Aleksandra"]
[Black "White, John S."]
[WhiteFideId "1134299"]
[BlackFideId "2502348"]
[WhiteElo "2111"]
[BlackElo "2009"]
[Result "1-0"]
[Round "3"]
[TimeControl "180+2"]
[Date "2023.06.20"]
[WhiteClock "0:01:01"]
[BlackClock "0:00:14"]
[Board "190"]

1. c4 Nf6 2. Nc3 g6 3. g3 Bg7 4. Bg2 O-O 5. Nf3 d6 6. O-O c5 7. d4 cxd4 8. Nxd4 a6 9. h3 Qc7 10. b3 Nc6 11. e3 Bd7 12. Bb2 Rab8 13. Rc1 Qa5 14. a3 Nxd4 15. exd4 b5 16. b4 Qd8 17. c5 dxc5 18. dxc5 Qc7 19. Kh2 Rbd8 20. Qf3 Rc8 21. Rfe1 Bc6 22. Qxc6 Qxc6 23. Bxc6 Rxc6 24. Rxe7 Nd5 25. Nxd5 Bxb2 26. Rb1 Bxa3 27. Ra7 Kg7 28. Ra1 Bb2 29. R1xa6 Rxa6 30. Rxa6 Bd4 31. Kg2 Rd8 32. Ne7 Bc3 33. c6 Be5 34. Ra7 Kf6 35. c7 Bxc7 36. Rxc7 Rd4 37. Rb7 Ke6 38. Nc6 Rc4 39. Rb6 Kd5 40. Ne7+ Kd4 41. Rxb5 f5 42. Rd5+ Kc3 43. b5 Rb4 44. Rc5+ Kd4 45. Nc6+ Kxc5 46. Nxb4 Kxb5 47. Nd3 Kc6 48. Kf3 Kd5 49. Kf4 h6 50. h4 Kd4 51. Ne1 Kc3 52. Nf3 Kc4 53. Ne5+ Kd4 54. Nxg6 Kd3 55. Kxf5 Ke2 56. f4 Kf3 57. g4 h5 58. gxh5 Kg3 59. h6 Kg2 60. h7 Kg1 61. h8=Q Kg2 62. Qb2+ Kg1 63. Kg4 Kh1 64. Kg3 1-0


[Site "https://www.chess.com"]

[Event "Titled Tuesday Blitz June 20 Late 2023"]
[White "Manon-og, Ramon Jr."]
[Black "Sainz Aguirre, Ignacio"]
[WhiteFideId "5200776"]
[BlackFideId "5101727"]
[WhiteElo "2330"]
[BlackElo "1889"]
[Result "0-1"]
[Round "3"]
[TimeControl "180+2"]
[Date "2023.06.20"]
[WhiteClock "0:00:00"]
[BlackClock "0:01:06"]
[Board "191"]

1. e4 e6 2. d4 d5 3. exd5 exd5 4. Bd3 Nc6 5. Nf3 Bd6 6. O-O Nge7 7. Bd2 Bg4 8. Be2 O-O 9. c3 Ng6 10. Na3 a6 11. h3 Bf5 12. Re1 Qd7 13. Nc2 Bxh3 14. gxh3 Qxh3 15. Bf1 Qg4+ 16. Bg2 Rae8 17. Ne3 Qh5 18. Nf1 Nh4 19. Nxh4 Qxh4 20. Qf3 Rxe1 21. Rxe1 f5 22. Qxd5+ Kh8 23. Ng3 Bxg3 24. fxg3 Qxg3 25. Re3 Qg4 26. Qe6 Qd1+ 27. Bf1 Qxd2 0-1


[Site "https://www.chess.com"]

[Event "Titled Tuesday Blitz June 20 Late 2023"]
[White "Burke, Paul"]
[Black "Shapiro, Daniel"]
[WhiteFideId "2605767"]
[BlackFideId "2001780"]
[WhiteElo "1914"]
[BlackElo "2329"]
[Result "0-1"]
[Round "3"]
[TimeControl "180+2"]
[Date "2023.06.20"]
[WhiteClock "0:00:00"]
[BlackClock "0:00:17"]
[Board "192"]

1. e4 e5 2. Nf3 Nc6 3. Bc4 Be7 4. d4 d6 5. c3 Nf6 6. Ng5 O-O 7. Nxf7 Rxf7 8. Bxf7+ Kxf7 9. Qb3+ Kf8 10. O-O exd4 11. cxd4 Nxd4 12. Qd1 c5 13. Nc3 Be6 14. Bg5 Kg8 15. Bxf6 Bxf6 16. f4 b5 17. f5 Bf7 18. Nd5 Be5 19. Qg4 Bxd5 20. exd5 Qf6 21. a4 b4 22. Rae1 c4 23. Qd1 Rc8 24. g4 Qf7 25. Qd2 a5 26. Qg2 Rc5 27. g5 Qxd5 28. Qg4 c3 29. g6 h6 30. f6 Qe6 31. f7+ Kf8 32. Qxe6 Nxe6 33. bxc3 Rxc3 34. Rc1 Nf4 35. Rxc3 bxc3 36. Re1 Nxg6 0-1


[Site "https://www.chess.com"]

[Event "Titled Tuesday Blitz June 20 Late 2023"]
[White "Nakamura, Hikaru"]
[Black "Tari, Aryan"]
[WhiteFideId "2016192"]
[BlackFideId "1510045"]
[WhiteElo "2874"]
[BlackElo "2586"]
[Result "1-0"]
[Round "4"]
[TimeControl "180+2"]
[Date "2023.06.20"]
[WhiteClock "0:00:45"]
[BlackClock "0:00:03"]
[Board "1"]

1. e4 e5 2. Nc3 Nf6 3. Bc4 Bc5 4. d3 c6 5. Bb3 d6 6. h3 O-O 7. Qf3 Be6 8. Nge2 a5 9. O-O b5 10. Ng3 a4 11. Bxe6 fxe6 12. Qe2 Nbd7 13. Nd1 Qe8 14. Be3 h6 15. Bxc5 Nxc5 16. c3 Qg6 17. Kh2 d5 18. f3 Qg5 19. Nh1 h5 20. d4 Ncd7 21. exd5 exd5 22. Qe3 Qxe3 23. Nxe3 exd4 24. cxd4 Rae8 25. Rfe1 Nb6 26. b3 Re7 27. Nf5 Rxe1 28. Rxe1 axb3 29. axb3 Nc8 30. Rc1 Nd7 31. Rxc6 Rxf5 32. Rxc8+ Kh7 33. Ng3 Rf4 34. Nxh5 Rxd4 35. Rc7 Ne5 36. Nxg7 Rd2 37. Kg3 Kg6 38. h4 Nd3 39. h5+ Kg5 40. Ne6+ Kxh5 41. Rd7 Nc1 42. Nf4+ Kg5 43. b4 d4 44. Rd5+ Kf6 45. Rxb5 d3 46. Rd5 Ne2+ 47. Kg4 Nxf4 48. Kxf4 Rxg2 49. Rd6+ Ke7 50. Rxd3 Rb2 51. Rd4 Ke6 52. Ke4 Re2+ 53. Kd3 Rf2 54. f4 Rb2 55. Kc4 Kf5 56. b5 Rb1 1-0


[Site "https://www.chess.com"]

[Event "Titled Tuesday Blitz June 20 Late 2023"]
[White "Martinez Alcantara, Jose Eduardo"]
[Black "Sanal, Vahap"]
[WhiteFideId "3805662"]
[BlackFideId "6300545"]
[WhiteElo "2711"]
[BlackElo "2606"]
[Result "1-0"]
[Round "4"]
[TimeControl "180+2"]
[Date "2023.06.20"]
[WhiteClock "0:00:14"]
[BlackClock "0:00:19"]
[Board "2"]

1. e4 e5 2. Nf3 Nc6 3. Bb5 Nf6 4. d3 Bc5 5. O-O d6 6. Be3 Bxe3 7. fxe3 O-O 8. Nc3 Ne7 9. Qe1 Ng6 10. h3 c6 11. Ba4 d5 12. Bb3 Be6 13. Qg3 dxe4 14. Nxe4 Nxe4 15. dxe4 Bxb3 16. axb3 Qb6 17. Nd2 Qc5 18. Rac1 Rad8 19. Rf2 Rd7 20. Nf1 Rfd8 21. h4 Nf8 22. Rf5 Re8 23. h5 h6 24. Nh2 Kh8 25. Qf2 f6 26. Nf3 Ne6 27. Kh2 Red8 28. Rf1 Qb4 29. Qh4 Qe7 30. Qg4 Nf8 31. Nxe5 fxe5 32. Rxf8+ Rxf8 33. Rxf8+ Qxf8 34. Qxd7 Qf6 35. Qc8+ Kh7 36. Qf5+ Kg8 37. Qxf6 gxf6 38. Kh3 Kf7 39. Kg4 Ke6 40. b4 b6 41. c3 a6 42. c4 a5 43. bxa5 bxa5 44. c5 a4 45. g3 f5+ 46. exf5+ Kf6 47. e4 1-0


[Site "https://www.chess.com"]

[Event "Titled Tuesday Blitz June 20 Late 2023"]
[White "Zakhartsov, Vladimir"]
[Black "Paravyan, David"]
[WhiteFideId "4145097"]
[BlackFideId "4194985"]
[WhiteElo "2508"]
[BlackElo "2563"]
[Result "1/2-1/2"]
[Round "4"]
[TimeControl "180+2"]
[Date "2023.06.20"]
[WhiteClock "0:01:01"]
[BlackClock "0:01:25"]
[Board "3"]

1. d4 Nf6 2. c4 g6 3. Nc3 d5 4. cxd5 Nxd5 5. e4 Nxc3 6. bxc3 Bg7 7. Bb5+ c6 8. Ba4 O-O 9. Nf3 c5 10. Ke2 Kh8 11. Re1 Kg8 12. Kf1 Kh8 13. Kg1 Kg8 14. Rf1 cxd4 15. cxd4 Bg4 16. Be3 Nc6 17. Bxc6 bxc6 18. Rc1 Qd7 19. h3 Bxf3 20. Qxf3 Bxd4 21. Rfd1 e5 22. Qf6 Qd8 23. Qxc6 Rc8 1/2-1/2


[Site "https://www.chess.com"]

[Event "Titled Tuesday Blitz June 20 Late 2023"]
[White "Moroni, Luca Jr"]
[Black "Liang, Awonder"]
[WhiteFideId "865834"]
[BlackFideId "2056437"]
[WhiteElo "2569"]
[BlackElo "2508"]
[Result "0-1"]
[Round "4"]
[TimeControl "180+2"]
[Date "2023.06.20"]
[WhiteClock "0:00:25"]
[BlackClock "0:02:11"]
[Board "4"]

1. c4 b6 2. Nc3 Bb7 3. e4 e6 4. Bd3 d6 5. Nge2 Nd7 6. Bc2 g6 7. d4 Bg7 8. f3 Ne7 9. O-O O-O 10. Be3 e5 11. d5 a5 12. a3 f5 13. exf5 gxf5 14. f4 Bc8 15. Ng3 e4 16. Bd4 Nf6 17. b4 Ng6 18. Nb5 Bd7 19. Qd2 h5 20. h3 h4 21. Ne2 Bxb5 22. cxb5 Nh5 23. Bxg7 Nxg7 24. Nd4 Qf6 25. Bb3 Kh7 26. Rac1 axb4 27. Qxb4 Rf7 28. Ne6 Nxe6 29. dxe6 Rg7 30. Bd5 Rag8 31. Qc3 Qxc3 32. Rxc3 Ne7 33. Bc4 Rxg2+ 34. Kh1 d5 35. Be2 Rxe2 36. Rxc7 Rg7 37. Rg1 d4 38. Rxg7+ Kxg7 39. Rxe7+ Kf6 40. Rd7 d3 41. e7 Kf7 42. Kg1 d2 0-1


[Site "https://www.chess.com"]

[Event "Titled Tuesday Blitz June 20 Late 2023"]
[White "Kollars, Dmitrij"]
[Black "Babazada, Khazar"]
[WhiteFideId "12909572"]
[BlackFideId "13413554"]
[WhiteElo "2584"]
[BlackElo "2369"]
[Result "1-0"]
[Round "4"]
[TimeControl "180+2"]
[Date "2023.06.20"]
[WhiteClock "0:00:04"]
[BlackClock "0:00:04"]
[Board "5"]

1. e4 e5 2. Nf3 Nc6 3. Bb5 a6 4. Ba4 Nf6 5. Nc3 b5 6. Bb3 Bc5 7. O-O d6 8. a4 Rb8 9. axb5 axb5 10. Nd5 O-O 11. c3 Nxd5 12. Bxd5 Ne7 13. Bb3 Bb6 14. d4 exd4 15. cxd4 Bg4 16. Be3 d5 17. e5 Nf5 18. Qd3 Qd7 19. Bc2 g6 20. Nd2 f6 21. h3 Nxe3 22. Qxe3 Bf5 23. Bxf5 Qxf5 24. Nf3 Rbe8 25. Qc3 fxe5 26. dxe5 Qe4 27. Qc6 Qc4 28. Qd7 d4 29. Ng5 Rf5 30. Qxh7+ Kf8 31. Qxg6 Rfxe5 32. Qf6+ Kg8 33. Qg6+ Kf8 34. Ra3 Qxf1+ 35. Kh2 Ke7 36. Qf7+ Kd6 37. Qf6+ Kc5 38. Nf7 Re1 39. Qf5+ Kb4 40. Qf3 Qg1+ 41. Kg3 R1e3 42. fxe3 Rxe3 43. Rxe3 dxe3 44. Ne5 Qe1+ 45. Kg4 Qd2 46. Qe4+ Qd4 47. Nc6+ Kb3 48. Nxd4+ 1-0


[Site "https://www.chess.com"]

[Event "Titled Tuesday Blitz June 20 Late 2023"]
[White "Grigoriants, Sergey"]
[Black "Yoo, Christopher Woojin"]
[WhiteFideId "4130804"]
[BlackFideId "30909694"]
[WhiteElo "2502"]
[BlackElo "2528"]
[Result "0-1"]
[Round "4"]
[TimeControl "180+2"]
[Date "2023.06.20"]
[WhiteClock "0:00:05"]
[BlackClock "0:00:22"]
[Board "6"]

1. d4 d5 2. c4 e6 3. Nc3 Bb4 4. e3 Nf6 5. Bd3 O-O 6. Nf3 dxc4 7. Bxc4 b6 8. O-O Bb7 9. Qe2 Nbd7 10. Bd2 c5 11. a3 Bxc3 12. Bxc3 Ne4 13. Rac1 Nxc3 14. Rxc3 Bxf3 15. Qxf3 cxd4 16. exd4 Rc8 17. h3 Nf6 18. Rd1 Qd6 19. d5 exd5 20. Ba6 Rxc3 21. Qxc3 Rd8 22. Qd4 Qc5 23. Be2 Qxd4 24. Rxd4 Kf8 25. Bf3 Ke7 26. Ra4 a5 27. b4 axb4 28. Rxb4 Rd6 29. Kf1 Nd7 30. Ke2 Ne5 31. Rb5 Ke6 32. a4 d4 33. Be4 d3+ 34. Kd1 g6 35. f4 Nc4 36. Rb4 Rd4 0-1


[Site "https://www.chess.com"]

[Event "Titled Tuesday Blitz June 20 Late 2023"]
[White "Van Foreest, Jorden"]
[Black "Beerdsen, Thomas"]
[WhiteFideId "1039784"]
[BlackFideId "1030108"]
[WhiteElo "2633"]
[BlackElo "2553"]
[Result "1-0"]
[Round "4"]
[TimeControl "180+2"]
[Date "2023.06.20"]
[WhiteClock "0:00:15"]
[BlackClock "0:00:06"]
[Board "7"]

1. e4 e5 2. Nf3 Nc6 3. Nc3 Nf6 4. g3 Rb8 5. h3 g6 6. Bg2 b5 7. d3 Bg7 8. O-O O-O 9. Bg5 h6 10. Bxf6 Qxf6 11. a4 b4 12. Nd5 Qd6 13. Nd2 Ba6 14. Nc4 Bxc4 15. dxc4 Nd4 16. Qd3 c6 17. Ne3 b3 18. c5 Qxc5 19. c3 Ne6 20. h4 Rfd8 21. Rad1 h5 22. Bh3 Qe7 23. Qc4 Bh6 24. Rfe1 Nc5 25. Kh2 d6 26. Bg2 Qf6 27. Kg1 Kg7 28. Ra1 a5 29. Qe2 Bxe3 30. Qxe3 Qe7 31. Red1 Rd7 32. Bh3 Ne6 33. Qe2 Ra7 34. Qc4 Nc5 35. Rd2 Qf6 36. Rad1 Rd8 37. Kg2 Re7 38. Rf1 Ree8 39. Rfd1 Re7 40. Kg1 Ree8 41. Bg2 Rh8 42. Qe2 Kh7 43. Kh2 Rhg8 44. Qe3 g5 45. hxg5 Rxg5 46. Bh3 h4 47. Rxd6 hxg3+ 48. fxg3 Rxd6 49. Rxd6 Rxg3 50. Bf5+ Qxf5 51. Qh6+ Kg8 52. Rd8# 1-0


[Site "https://www.chess.com"]

[Event "Titled Tuesday Blitz June 20 Late 2023"]
[White "Le, Tuan Minh"]
[Black "Maximov, Dmitry"]
[WhiteFideId "12401153"]
[BlackFideId "14105659"]
[WhiteElo "2566"]
[BlackElo "2494"]
[Result "1-0"]
[Round "4"]
[TimeControl "180+2"]
[Date "2023.06.20"]
[WhiteClock "0:00:26"]
[BlackClock "0:00:03"]
[Board "8"]

1. d4 Nf6 2. Nf3 g6 3. Bg5 Bg7 4. Nbd2 O-O 5. c3 d6 6. e4 h6 7. Bh4 Qe8 8. Bc4 e5 9. O-O Nc6 10. Re1 Kh7 11. Qc2 Nh5 12. dxe5 Nxe5 13. Bf1 Nxf3+ 14. Nxf3 Bg4 15. Nd4 a6 16. f3 Bd7 17. Rad1 Qe5 18. Qd2 Rae8 19. Nc2 Bc6 20. Nb4 a5 21. Nc2 f5 22. exf5 Qxf5 23. Nd4 Qc5 24. Bf2 Qd5 25. c4 Qf7 26. Qxa5 Ra8 27. Qc3 Rxa2 28. Qb3 Raa8 29. Ne6 Rfe8 30. Nxg7 Nxg7 31. Qc3 Nf5 32. b4 b6 33. Bd3 h5 34. h3 Bb7 35. c5 bxc5 36. bxc5 dxc5 37. Qxc5 Rad8 38. Bc4 Rxe1+ 39. Rxe1 Bd5 40. Bd3 c6 41. Bxf5 Qxf5 42. Qe7+ 1-0


[Site "https://www.chess.com"]

[Event "Titled Tuesday Blitz June 20 Late 2023"]
[White "jasardo"]
[Black "Sviridov, Valery"]
[BlackFideId "4120680"]
[WhiteElo "2769"]
[BlackElo "2457"]
[Result "0-1"]
[Round "4"]
[TimeControl "180+2"]
[Date "2023.06.20"]
[WhiteClock "0:00:11"]
[BlackClock "0:00:48"]
[Board "9"]

1. d4 g6 2. c4 Bg7 3. Nc3 d6 4. e4 e5 5. dxe5 dxe5 6. Qxd8+ Kxd8 7. c5 Be6 8. Be3 Nd7 9. O-O-O Bh6 10. Bxh6 Nxh6 11. Nf3 f6 12. h3 c6 13. b4 Ke7 14. a3 a5 15. Kb2 Rhb8 16. Nd2 b6 17. cxb6 Rxb6 18. b5 a4 19. Nc4 Bxc4 20. Bxc4 Nc5 21. Ka2 Ra5 22. Rd2 Ne6 23. Bxe6 Kxe6 24. Rhd1 cxb5 25. Nd5 Rb7 26. Nb4 Ra8 27. Rd6+ Kf7 28. Rd7+ Rxd7 29. Rxd7+ Kg8 30. Nd5 Rf8 31. g4 f5 32. g5 Nf7 33. h4 Kg7 34. exf5 gxf5 35. Ne7 f4 36. f3 Rd8 37. Rb7 e4 38. fxe4 f3 39. Nf5+ Kf8 40. Rxb5 f2 41. Rb1 Rd2+ 42. Ka1 Nd6 43. Nxd6 Rxd6 0-1


[Site "https://www.chess.com"]

[Event "Titled Tuesday Blitz June 20 Late 2023"]
[White "Terry, Renato"]
[Black "Bryakin, Mikhail"]
[WhiteFideId "3803457"]
[BlackFideId "4165314"]
[WhiteElo "2575"]
[BlackElo "2464"]
[Result "1/2-1/2"]
[Round "4"]
[TimeControl "180+2"]
[Date "2023.06.20"]
[WhiteClock "0:00:06"]
[BlackClock "0:00:15"]
[Board "10"]

1. d4 Nf6 2. Nf3 b6 3. c4 Bb7 4. g3 Bxf3 5. exf3 e6 6. d5 Bb4+ 7. Nc3 e5 8. Qb3 a5 9. a3 Bxc3+ 10. Qxc3 d6 11. b4 O-O 12. Bd3 Nbd7 13. O-O Re8 14. Be3 Qe7 15. Rfe1 Ra7 16. Qb2 Rea8 17. Bd2 axb4 18. axb4 Qd8 19. Bf5 Ra4 20. Bc2 R4a7 21. Rxa7 Rxa7 22. Ra1 Qa8 23. Rxa7 Qxa7 24. b5 Qa8 25. Bc3 Qe8 26. Qa1 Nc5 27. Qa7 Qd8 28. Bf5 Nfd7 29. Kg2 g6 30. Bc2 f6 31. Qa1 Kg7 32. h4 Qe8 33. Bb2 h5 34. Qa7 Qd8 35. Qa3 Qf8 36. Qa7 Qd8 37. Bc1 Qb8 38. Qa3 Qe8 39. Qe3 Qh8 40. Bd2 Kf7 41. Qa3 Qb8 42. Qa1 Qg8 43. Bc1 Qb8 44. Qb1 Qg8 45. Be3 Qg7 46. Bd2 Qg8 47. Qa2 Qb8 48. f4 e4 49. Be3 f5 50. Bd4 Qe8 51. Qa7 Qc8 52. Bb2 Nf6 53. Qa3 Ncd7 54. Bd4 Nc5 55. Qa7 Ncd7 56. Bd1 Ke7 57. Bc2 Kf7 58. Kf1 Qb8 59. Qa6 Ke7 60. Qa3 Ng4 61. Ke2 Ngf6 62. Bb2 Kf7 63. Qc3 Qa8 64. Bb3 Qd8 65. f3 exf3+ 66. Kxf3 Qe8 67. Bc2 Qd8 68. Qd4 Nc5 69. Qe3 Qe7 70. Qxe7+ Kxe7 71. Bc3 Nfe4 72. Bb4 Kf7 73. Be1 Nf6 74. Ke3 Ng4+ 75. Kd4 Nf6 76. Ke3 Nfe4 77. Kd4 Nf6 78. Kc3 Nfd7 79. Bb1 Nf6 80. Kd4 Nce4 81. Ke3 Ng4+ 82. Kf3 Nc5 83. Bc2 Nh6 84. Ke2 Ke7 85. Bc3 Nf7 86. Bd4 Nd8 87. Ke3 Ndb7 88. Bc3 Na5 89. Bd3 Nxd3 90. Kxd3 Nb3 91. Bb4 Nc1+ 92. Ke3 Kd7 93. Ba3 Nb3 94. Kd3 Ke7 95. Kc3 Na5 96. Bb4 Nb7 97. Kd3 Nd8 98. Bc3 Nf7 99. Bd4 Nh6 100. Ke2 Ng8 101. Kd2 Kd7 102. Kd3 Ke7 103. Kc3 Nf6 104. Bxf6+ Kxf6 105. Kd4 Ke7 106. Kd3 Kf6 107. Ke3 Ke7 108. Kd3 Kf6 109. Ke3 Kf7 110. Kd3 Kf6 1/2-1/2


[Site "https://www.chess.com"]